 Dungeon Crawl Stone Soup version 0.29.1-15-g9cfb28693d (webtiles) character file.

Game seed: 459066128621566570

41 protoss039 the Sneak (level 3, -3/20 HPs)
             Began as a Vampire Enchanter on Mar 26, 2023.
             Slain by a gnoll
             ... wielding a +0 flail of holy wrath
              (11 damage)
             ... on level 2 of the Dungeon.
             The game lasted 00:05:02 (1180 turns).

protoss039 the Sneak (Vampire Enchanter)            Turns: 1180, Time: 00:05:05

Health: -3/20      AC:  2    Str:  7    XL:     3   Next: 32%
Magic:  2/6        EV: 12    Int: 17    God:
Gold:   87         SH:  0    Dex: 16    Spells: 2/7 levels left

rFire   . . .      SeeInvis +   f - +2 short sword (drain)
rCold   + + .      Faith    .   (no shield)
rNeg    + + +      Spirit   .   b - +0 robe
rPois   ∞          Reflect  .   (no helmet)
rElec   .          Harm     .   (no cloak)
rCorr   .          Rampage  .   (no gloves)
Will    .....                   (no boots)
Stlth   +++++.....              (no amulet)
HPRegen 0.00/turn               (no ring)
MPRegen 0.10/turn               (no ring)

@: bloodless, inhibited regen
A: bloodless, fangs 3, see invisible, vampiric 2
a: Bat Form, Revivify


You were on level 2 of the Dungeon.
You visited 1 branch of the dungeon, and saw 2 of its levels.

You collected 87 gold pieces.

Inventory:

Hand Weapons
 f - a +2 short sword of draining (weapon)
 h - the +4 spear "Ugham" {chaos, rC+ Str+3 SInv}
   (You found it on level 2 of the Dungeon)

   Each time it hits an enemy it has a different, random effect.
   Str:       It affects your strength (+3).
   rC:        It protects you from cold.
   SInv:      It lets you see invisible.
Armour
 b - a +0 robe (worn)
Scrolls
 a - a scroll of noise {unknown}
 d - 2 scrolls of teleportation {unknown}
 g - 2 scrolls of magic mapping {unknown}
 j - 2 scrolls of identify {unknown}
Potions
 c - 2 potions of invisibility
 e - a potion of haste {unknown}
 i - a potion of might {unknown}
 k - a potion of lignification {unknown}
 l - a potion of curing {unknown}


   Skills:
 * Level 0.7 Fighting
 + Level 1.6 Short Blades
 + Level 2.5 Dodging
 + Level 4.8 Stealth
 * Level 2.5 Spellcasting
 + Level 4.7 Hexes


You had 2 spell levels left.
You knew the following spells:

 Your Spells              Type           Power      Damage    Failure   Level
a - Ensorcelled Hibernat  Hex/Ice        20%        N/A       11%         2
b - Confusing Touch       Hex            18%        N/A       8%          3

Your spell library contained the following spells:

 Spells                   Type           Power      Damage    Failure   Level
 Magic Dart               Conj           8%         1d3       19%         1
 Searing Ray              Conj           4%         2d4       28%         2
 Tukima's Dance           Hex            18%        N/A       8%          3
 Dazzling Flash           Conj/Hex       20%        N/A       22%         3
 Fulminant Prism          Conj/Hex       5%         3d7       56%         4


Dungeon Overview and Level Annotations

Branches:
Dungeon (2/15) Zot: 10821

Altars:


Innate Abilities, Weirdness & Mutations

You do not regenerate when monsters are visible.
You are frail without blood (-20% HP).
You can heal yourself when you bite living creatures.
You are immune to poison.
You have razor-sharp teeth.
You have supernaturally acute eyesight. (SInv)
You are afflicted with vampirism and can become a bat while bloodless.


Message History

You bite the goblin, and draw its blood!
You impale the goblin!!
You kill the goblin!
j - 2 scrolls labelled MINTOC VAUKHLEAJI (gained 1)
You now have 87 gold pieces (gained 6).
A frilled lizard comes into view.
The frilled lizard hisses angrily.
You miss the frilled lizard.
The frilled lizard bites you but does no damage.
You hit the frilled lizard.
You kill the frilled lizard!
Found a leather armour.
No target in view!
No target in view!
A gnoll comes into view.
It is wielding a +0 flail of holy wrath.
A gnoll and 2 bats come into view.
Found a stone staircase leading up.
An adder comes into view.
Things that are here:
a +0 club; a goblin corpse
There is an open door here.
You start waiting.
A gnoll is nearby!
Casting: Ensorcelled Hibernation (safe; 11% risk of failure)
Confirm with . or Enter, or press ? or * to list all spells.
Aiming: Ensorcelled Hibernation (safe; 11% risk of failure)
Press: ? - help, Shift-Dir - straight line, f - gnoll
Aim: a gnoll, wielding a +0 flail of holy wrath (chance to affect: 52%)
The gnoll resists with significant effort.
The gnoll hits you with a +0 flail of holy wrath!
You convulse.
Casting: Ensorcelled Hibernation (safe; 11% risk of failure)
Confirm with . or Enter, or press ? or * to list all spells.
Aiming: Ensorcelled Hibernation (safe; 11% risk of failure)
Press: ? - help, Shift-Dir - straight line, f/p - gnoll
Aim: a gnoll, wielding a +0 flail of holy wrath (chance to affect: 52%)
The gnoll resists with significant effort.
The gnoll hits you with a +0 flail of holy wrath!
Ouch! That really hurt!
You die...

..## #.# ..^ #.# #.## #.#
#..####.# ####......#
#.########[...####.####
#.......##....####....#####
#........g....+............
#######.##@...####.#...####
##########.##....# ####...#
#.....##....###### #.#.#
#.....##....# #.#...
#.....##....# .....##
#.....##g...# ......#
#..........)# #.....#
#...........#
######.......#


You could see a gnoll.

Vanquished Creatures
  A worm (D:2)
  2 dart slugs (D:1)
  7 endoplasms (D:1)
  4 giant cockroaches (D:1)
  2 hobgoblins
  4 kobolds (D:1)
  A quokka (D:1)
  3 bats
  A frilled lizard (D:2)
  5 goblins
  2 rats
32 creatures vanquished.

Notes
Turn   | Place    | Note
-------+----------+-------------------------------------------
     0 | D:1      | protoss039 the Vampire Enchanter began the quest for the
                  | Orb.
     0 | D:1      | Reached XP level 1. HP: 13/13 MP: 3/3
    84 | D:1      | Found a faded altar of an unknown god.
   151 | D:1      | Reached XP level 2. HP: 15/15 MP: 5/5
   328 | D:1      | Learned a level 2 spell: Ensorcelled Hibernation
   622 | D:1      | Gained mutation: You are afflicted with vampirism and can
                  | become a bat while bloodless. [Vampire growth]
   622 | D:1      | Reached XP level 3. HP: 20/20 MP: 6/6
   932 | D:1      | Learned a level 3 spell: Confusing Touch
   983 | D:2      | Identified the +4 spear "Ugham" {chaos, rC+ Str+3 SInv}
  1180 | D:2      | Slain by a gnoll

Illustrated notes

Levels and vault maps discovered:
D:1:      onia_arrival_mini_maze, layout_rooms, ebering_ecumenical_altar_webs
D:2:      layout_basic, uniq_sigmund

Action                   || total
-------------------------++-------
Melee: Dagger            ||    27
       Short sword       ||    15
       Bite              ||     1
 Cast: Ensorcelled Hiber ||     8
 Abil: Exsanguinate      ||     1
  Use: Potion            ||     1
 Stab: Sleeping          ||    28
Armor: Robe              ||     3
Dodge: Dodged            ||    14
